AoeStats
← Gamboche

Arabia

509646362Analyzed
1v1 RM · 6d ago on Sep 27, 2026· 16m 56s· 2 players
Game mode
Random Map
Map size
Tiny (2 player)
Population
200
Speed
Normal
Resources
Standard
Victory
Conquest
Starting age
Dark Age
Ending age
Imperial Age
RankedLock teamsTeams togetherTeam positionsShared explorationLock speedFull tech treeHidden civsTurbo modeCheats
Victory
Defeat
🇦🇷 Magyars · Argentina
1278
+16
🇩🇰 Poles · Denmark
1283
-16
Gamboche
6:34 Loom
9:34 Feudal Age
9:38 Man-at-Arms
14:06 Double-Bit Axe
14:28 Horse Collar
niels.sandmann
11:00 Feudal Age
11:02 Loom
13:05 Double-Bit Axe
Connection lost

Rejoining the realm…

Still unreachable

The connection could not be restored.

Session expired

The server has moved on; the page needs a fresh start.